 Dungeon Crawl Stone Soup version 0.26-b1-57-gb162d0664a (webtiles) character file.

Game seed: 10561380637897170937

287 DocSulfur the Conjurer (level 6, -1/32 HPs)
             Began as a Deep Elf Conjurer on Jan 8, 2021.
             Killed by nerve-wracking pain
             ... invoked by Grinder
              (6 damage)
             ... on level 3 of the Dungeon.
             The game lasted 00:06:55 (2218 turns).

DocSulfur the Conjurer (Deep Elf Conjurer)          Turns: 2218, Time: 00:06:55

Health: -1/32      AC:  6    Str:  4    XL:     6   Next: 8%
Magic:  14/17      EV: 13    Int: 25    God:
Gold:   87         SH:  0    Dex: 19    Spells: 14/17 levels left

rFire    . . .     SeeInvis .   (no weapon)
rCold    . . .     Faith    .   (no shield)
rNeg     . . .     Spirit   .   a - +0 robe
rPois    .         Reflect  .   (no helmet)
rElec    .         Harm     .   (no cloak)
rCorr    .         Rampage  .   (no gloves)
Will     .....                  (no boots)
Stlth    ++........             (no amulet)
HPRegen  0.10/turn              m - +4 ring of protection
MPRegen  0.15/turn              b - +6 ring of dexterity

@: no status effects
A: no striking features
a: no special abilities


You were on level 3 of the Dungeon.
You visited 1 branch of the dungeon, and saw 3 of its levels.

You collected 87 gold pieces.

Inventory:

Missiles
 k - 3 throwing nets
Armour
 a - a +0 robe (worn)
Jewellery
 b - a +6 ring of dexterity (right hand)
 m - a +4 ring of protection (left hand)
Scrolls
 d - 2 scrolls of enchant weapon {unknown}
 f - a scroll of magic mapping {unknown}
 g - a scroll of fog {unknown}
 h - 2 scrolls of enchant armour {unknown}
 j - a scroll of identify {unknown}
 l - 2 scrolls of teleportation {unknown}
 n - 2 scrolls of random uselessness {unknown}
 o - a scroll of remove curse {unknown}
 q - a scroll of immolation {unknown}
Potions
 c - a potion of brilliance {unknown}
 e - a potion of ambrosia {unknown}
 i - 6 potions of heal wounds {unknown}
 p - a potion of berserk rage {unknown}


   Skills:
 - Level 2.4 Dodging
 - Level 2.4 Stealth
 + Level 6.4 Spellcasting
 + Level 6.5 Conjurations


You had 14 spell levels left.
You knew the following spells:

 Your Spells              Type           Power        Failure   Level
a - Magic Dart            Conj           100%         1%          1
b - Searing Ray           Conj           80%          1%          2

Your spell library contained the following spells:

 Spells                   Type           Power        Failure   Level
 Dazzling Flash           Conj/Hex       48%          5%          3
 Fulminant Prism          Conj/Hex       12%          19%         4
 Iskenderun's Mystic Bla  Conj/Tloc      24%          19%         4


Dungeon Overview and Level Annotations

Branches:
Dungeon (3/15)

Altars:
Ashenzari
Hepliaklqana
Qazlal

Annotations:
D:3 Grinder


Message History

Grinder says, "Make like a tree!"
Grinder gestures at you. Pain shoots through your body!
* * * LOW HITPOINT WARNING * * *
You can move again.
Okay, then.
Okay, then.
Casting: Searing Ray (safe; 1% risk of failure)
Confirm with . or Enter, or press ? or * to list all spells.
Aiming: Searing Ray (safe; 1% risk of failure)
Press: ? - help, Shift-Dir - straight line, f - Grinder
Aim: Grinder (20% to evade)
The searing ray hits Grinder!
Grinder is moderately wounded. (Press . to maintain the ray.)
The searing ray hits Grinder!
Grinder is severely wounded.
Grinder gestures at you. Pain shoots through your body!
You die...

#####
###############...#
................#.#####
###############.@_....#
###### ###.#5..+ .....#
... .# .###.# # #+#.#
.#...#.# # .#.###.
....... ##...####
#..†....#


You could see Grinder.

Vanquished Creatures
  Sigmund (D:2)
  3 gnolls (D:2)
  3 adders (D:2)
  An ooze (D:1)
  A worm (D:2)
  A dart slug (D:2)
  4 leopard geckos
  7 bats
  2 giant cockroaches
  A goblin (D:1)
  2 hobgoblins
  7 jackals (D:1)
  2 quokkas
  3 frilled lizards
  9 kobolds
  7 rats
54 creatures vanquished.

Notes
Turn   | Place    | Note
-------+----------+-------------------------------------------
     0 | D:1      | DocSulfur the Deep Elf Conjurer began the quest for the
                  | Orb.
     0 | D:1      | Reached XP level 1. HP: 10/10 MP: 6/6
   158 | D:1      | Reached XP level 2. HP: 15/15 MP: 0/8
   237 | D:1      | Learned a level 2 spell: Searing Ray
   652 | D:1      | Reached skill level 5 in Conjurations
   652 | D:1      | Reached XP level 3. HP: 19/19 MP: 6/10
  1089 | D:2      | Reached XP level 4. HP: 24/24 MP: 5/12
  1193 | D:2      | Found a stormy altar of Qazlal.
  1210 | D:2      | Found a hazy altar of Hepliaklqana.
  1314 | D:2      | Reached skill level 5 in Spellcasting
  1581 | D:2      | Noticed Sigmund
  1719 | D:2      | Killed Sigmund
  1720 | D:2      | Reached XP level 5. HP: 13/28 MP: 8/15
  1720 | D:2      | Reached XP level 6. HP: 15/32 MP: 9/17
  2204 | D:3      | Found a broken altar of Ashenzari.
  2208 | D:3      | Noticed Grinder
  2210 | D:3      | Paralysed by Grinder for 7 turns
  2218 | D:3      | Killed from afar by Grinder

Illustrated notes

Levels and vault maps discovered:
D:1:      onia_arrival_pyramid, layout_basic
D:2:      layout_loops_ring, grunt_temple_overflow_open, moated_statue,
          minmay_misc_feat_encased, uniq_sigmund
D:3:      layout_basic, ashenzari_altar_1, guppyfry_early_orc_mine,
          uniq_grinder, uniq_terence

Skill      XL: |  1  2  3  4 |
---------------+-------------+-----
Spellcasting   | 4 6 |  6.4
Conjurations   | 5 6 |  6.5
Dodging        | |  2.4
Stealth        | |  2.4

Action                   |  1- 3 |  4- 6 || total
-------------------------+-------+-------++-------
 Cast: Magic Dart        |    42 |    24 ||    66
       Searing Ray       |     7 |     9 ||    16
Armor: Robe              |     1 |     1 ||     2
Dodge: Dodged            |     6 |     3 ||     9
